 Dungeon Crawl Stone Soup version 0.24-a0-282-g1a68c91 (webtiles) character file.

Game seed: 2930720852250490451

131878 nikopol the Eclecticist (level 16, -1/81 HPs)
             Began as a Deep Elf Fire Elementalist on May 2, 2019.
             Was the Champion of Vehumet.
             Hit by a tomahawk of returning thrown by a merfolk (15 damage)
             ... on level 4 of the Shoals on May 3, 2019.
             The game lasted 01:57:09 (33160 turns).

nikopol the Eclecticist (DEFE)                     Turns: 33160, Time: 01:57:09

Health: -1/81      AC: 17    Str:  9    XL:     16   Next: 56%
Magic:  42/51      EV:  9    Int: 48    God:    Vehumet [******]
Gold:   1338       SH:  0    Dex: 18    Spells: 20/56 levels left

rFire    + . .     SeeInvis +   K - +1 falchion of Haduar {elec, *Noise *Corrode MR+++ Int+9}
rCold    x . .     Gourm    .   M - +2 buckler {AC+3}
rNeg     . . .     Faith    .   h - +3 robe "Bookk" {+Fly SInv}
rPois    .         Spirit   .   Z - +2 hat
rElec    .         Reflect  .   O - +1 cloak
rCorr    .         Harm     .   U - +1 pair of gloves
MR       +++++                  a - +2 pair of boots "Naloag" {MR+ Str+4 Int+2}
Stlth    +++.......             Q - amulet "Fechoaroim" {RegenMP Int+9 Dex+3}
HPRegen  0.23/turn              R - ring of fire
MPRegen  0.57/turn              G - ring of magical power

@: sleeping, held, studying Necromancy
A: no striking features
a: Renounce Religion, Evoke Flight


You were on level 4 of the Shoals.
You worshipped Vehumet.
Vehumet was exalted by your worship.
You were not hungry.

You visited 5 branches of the dungeon, and saw 28 of its levels.
You also visited: Sewer.

You collected 3094 gold pieces.
You spent 1756 gold pieces at shops.

Inventory:

Hand Weapons
 K - the +1 falchion of Haduar (weapon) {elec, *Noise *Corrode MR+++ Int+9}
   (You found it on level 2 of the Lair of Beasts)

   Occasionally, upon striking a foe, it will discharge some electrical energy
   and cause terrible harm.
   It affects your intelligence (+9).
   It affects your resistance to hostile enchantments.
   It may make noises in combat.
   It may corrode you when you take damage.
Armour
 a - the +2 pair of boots "Naloag" (worn) {MR+ Str+4 Int+2}
   (You found it on level 13 of the Dungeon)

   It affects your strength (+4).
   It affects your intelligence (+2).
   It affects your resistance to hostile enchantments.
 h - the +3 robe "Bookk" (worn) {+Fly SInv}
   (You found it on level 5 of the Dungeon)

   It lets you see invisible.
   It lets you fly.
 M - a +2 buckler of protection (worn)
 O - a +1 cloak (worn)
 U - a +1 pair of gloves (worn)
 Z - a +2 hat (worn)
Magical Staves
 l - an uncursed staff of air
Jewellery
 G - a ring of magical power (right hand)
 H - the ring of Shadows {Umbra +Inv Stlth+}
   (You found it on level 10 of the Dungeon)

   [ring of stealth]

   It lets you turn invisible.
   It makes you more stealthy.
 I - an uncursed ring of poison resistance
 J - an uncursed ring of protection from cold
 N - an uncursed ring of flight
 Q - the amulet "Fechoaroim" (around neck) {RegenMP Int+9 Dex+3}
   (You bought it in a shop on level 2 of the Orcish Mines)

   [amulet of magic regeneration]

   It increases your magic regeneration.
   It affects your intelligence (+9).
   It affects your dexterity (+3).
 R - a ring of fire (left hand)
Wands
 i - a wand of digging (5)
 s - a wand of flame (56)
 y - a wand of iceblast (9)
 A - a wand of paralysis (11)
 P - a wand of acid (8)
 V - a wand of polymorph (11)
 W - a wand of scattershot (4)
 Y - a wand of disintegration (13)
Scrolls
 b - 9 scrolls of identify
 d - 3 scrolls of fog
 m - 4 scrolls of blinking
 q - 11 scrolls of teleportation
 v - 3 scrolls of magic mapping
 x - 9 scrolls of remove curse
 B - 7 scrolls of amnesia
 C - 3 scrolls of enchant weapon
 D - 4 scrolls of enchant armour
 E - 2 scrolls of summoning
 S - a scroll of fear
Potions
 e - 5 potions of mutation
 f - 5 potions of invisibility
 g - 11 potions of curing
 j - 3 potions of might
 k - a potion of cancellation
 o - 4 potions of lignification
 r - a potion of haste
 t - 2 potions of brilliance
 u - 3 potions of ambrosia
 w - 6 potions of heal wounds
 z - 2 potions of magic
 F - 4 potions of resistance
 L - 5 potions of flight
 T - 2 potions of agility
Books
 n - a manual of Necromancy
Comestibles
 c - 64 rations
 p - a chunk of flesh


   Skills:
 + Level 2.4 Fighting
 - Level 1.6 Long Blades
 + Level 7.6 Dodging
 + Level 5.5 Stealth
 + Level 5.9 Shields
 + Level 20.7 Spellcasting
 + Level 16.9 Conjurations
 + Level 1.3 Hexes
 + Level 16.6 Fire Magic
 + Level 1.7 Ice Magic


You had 20 spell levels left.
You knew the following spells:

 Your Spells              Type           Power        Failure   Level  Hunger
a - Flame Tongue          Conj/Fire      #####        0%          1    None
b - Throw Flame           Conj/Fire      ######       0%          2    None
c - Conjure Flame         Conj/Fire      ########     0%          3    None
d - Sticky Flame          Conj/Fire      ########     0%          4    None
e - Fireball              Conj/Fire      ########..   0%          5    None
f - Dazzling Spray        Conj/Hex       ######       0%          3    None
g - Freezing Cloud        Conj/Ice/Air   #######...   1%          6    None
h - Bolt of Cold          Conj/Ice       #######...   1%          6    None
i - Iron Shot             Conj/Erth      #######...   1%          6    None

Your spell library contained the following spells:

 Spells                   Type           Power        Failure   Level  Hunger
 Animate Skeleton         Necr           N/A          1%          1    None
 Apportation              Tloc           #####.       1%          1    None
 Beastly Appendage        Tmut           #####.       1%          1    None
 Confusing Touch          Hex            ######       1%          1    None
 Summon Small Mammal      Summ           ####         1%          1    None
 Poisonous Vapours        Pois/Air       #####.       1%          2    None
 Sticks to Snakes         Tmut           #####...     1%          2    None
 Confuse                  Hex            ######..     1%          3    None
 Gell's Gravitas          Tloc           #####.....   1%          3    None
 Inner Flame              Hex/Fire       ########     1%          3    None
 Mephitic Cloud           Conj/Pois/Air  #######.     1%          3    None
 Spider Form              Tmut/Pois      #####.....   1%          3    None
 Yara's Violent Unravell  Hex/Tmut       ######....   1%          5    None
 Ice Form                 Ice/Tmut       ######..     2%          4    None
 Petrify                  Tmut/Erth      #####...     3%          4    None
 Metabolic Englaciation   Hex/Ice        ######....   4%          5    None
 Blade Hands              Tmut           #####.....   10%         5    None
 Ring of Flames           Chrm/Fire      ########..   10%         7    None


Dungeon Overview and Level Annotations

Branches:
Dungeon (15/15)            Temple (1/1) D:7            Lair (6/6) D:11
 Shoals (4/4) Lair:4        Snake (0/4) Lair:2        Slime (0/5) Lair:5
    Orc (2/2) D:9             Elf (0/3) Orc:2        Vaults (0/5) D:14
 Depths (0/5) D:15

Altars:
Ashenzari
Cheibriados
Fedhas
Kikubaaqudgha
Nemelex Xobeh
Okawaru
Qazlal
Sif Muna
Trog
Vehumet
Wu Jian
Xom
Zin
The Shining One
Beogh
Jiyva

Shops:
D:4 =   D:8 ?   D:9 ?   Orc:1 !   Orc:2 %[}=   Shoals:1 (   Shoals:2 (}*?}

Portals:
Trove: D:14 (give 4 potions of resistance)

Annotations:
D:6 Edmund
D:10 2 transporters


Message History

You kill the snapping turtle!
Vehumet accepts your kill.
You feel your power returning.
You hear a shout!
The merfolk throws a tomahawk of returning.
The tomahawk of returning hits you!
The weapon returns to the merfolk!
A dream sheep comes into view.
A merfolk comes into view. It is wielding a +0 trident. x2
The merfolk throws a tomahawk of returning.
The tomahawk of returning hits you.
The weapon returns to the merfolk!
The dream sheep ruffle their wool and motes of dream dust sparkle, to no effect.
The cyclops throws a large rock.
The large rock hits you!!
* * * LOW HITPOINT WARNING * * *
The dream sheep shake their wool and sparkle.
You feel drowsy...
You fall asleep.
The merfolk throws a throwing net.
The throwing net hits you.
You become entangled in the net!
You stop ascending the stairs.
The merfolk throws a tomahawk of returning.
The tomahawk of returning hits you!
You die...

≈C≈...........m
≈≈YY...........
≈≈≈.Y..........
≈≈≈............
≈≈............≈
..............≈
..............≈
.....†.@......≈
.........#..S..
.......≈... ...
............. .
.m.............
≈..m...........
....m.........≈
#PPm.%.....≈≈P≈


You could see a merfolk impaler, a sea snake, 3 merfolk, a cyclops, a merfolk
siren and 3 dream sheep.

Vanquished Creatures
  A quicksilver dragon (shapeshifter) (D:15)
  A sphinx (D:12)
  Polyphemus (Shoals:2)
  Frances (D:12)
  Kirke (Shoals:1)
  A frost giant (D:12)
  Azrael (D:13)
  A dire elephant (Lair:6)
  2 merfolk javelineers
  An ettin (Orc:2)
  3 merfolk impalers
  2 ogre magi (D:15)
  6 hydras
  An alligator snapping turtle (Shoals:3)
  2 centaur warriors
  14 two-headed ogres
  An alligator (Lair:4)
  2 merfolk avatars (Shoals:1)
  2 catoblepae
  A merfolk aquamancer (Shoals:2)
  A deep troll shaman (Lair:6)
  7 death yaks
  5 orc high priests (Orc:2)
  6 skeletal warriors
  10 sea snakes
  2 unseen horrors (D:11)
  A swamp dragon (Lair:4)
  A wizard (D:12)
  2 phantasmal warriors (D:12)
  5 harpies (Shoals:3)
  A deep elf mage (D:15)
  A necromancer (D:14)
  9 orc knights
  5 ugly things
  A mana viper (shapeshifter) (D:12)
  11 fauns
  6 cyclopes
  4 elephants (Lair:6)
  12 manticores
  2 merfolk sirens
  5 black mambas
  3 water nymphs
  2 centaur zombies
  12 spiny frogs
  8 komodo dragons
  2 efreet
  24 merfolk
  A queen bee (D:9)
  A polar bear (Lair:6)
  8 trolls
  Grinder (D:4)
  11 slime creatures
  A hornet (D:12)
  5 wind drakes
  A hornet (shapeshifter) (D:15)
  17 blink frogs
  15 dream sheep
  8 snapping turtles
  5 hippogriffs
  Eustachio (D:4)
  A wraith (D:11)
  A spriggan (Lair:6)
  4 wyverns
  3 water elementals
  A yak (shapeshifter) (D:15)
  3 fire elementals
  3 shadows
  A basilisk (D:12)
  5 hogs (Shoals:1)
  30 yaks
  Menkaure (D:6)
  A hungry ghost (D:10)
  8 water moccasins
  A warg (Orc:2)
  2 nagas (Lair:2)
  3 swamp worms (Lair:4)
  2 acid dragons (D:12)
  5 hell hounds
  10 porcupines
  A swamp drake (Lair:4)
  35 orc warriors
  2 sky beasts
  2 necrophages
  4 ice beasts
  2 phantoms
  4 boggarts (D:15)
  12 ogres
  19 wolves
  12 crocodiles
  6 centaurs
  3 big kobolds
  7 bullfrogs
  A gnoll sergeant (D:6)
  3 scorpions
  A wyvern skeleton (D:10)
  35 killer bees
  3 wights (D:14)
  3 howler monkeys (D:11)
  An electric eel (Lair:1)
  5 crimson imps
  A bullfrog zombie (D:13)
  3 hounds
  A quasit (D:8)
  37 orc priests
  A bullfrog skeleton (D:6)
  8 jellies
  6 centaur skeletons
  3 gnoll shamans
  7 iguanas
  7 worker ants
  28 orc wizards
  A hound zombie (D:4)
  A howler monkey zombie (D:8)
  18 gnolls
  12 adders
  2 shadow imps
  An ooze (D:1)
  2 adder skeletons
  4 worms
  4 dart slugs
  8 leopard geckos
  111 orcs
  9 ball pythons
  7 bats
  11 giant cockroaches
  9 goblins
  3 hobgoblins
  6 jackals
  5 quokkas
  11 frilled lizards
  20 kobolds
  A leopard gecko zombie (D:6)
  9 rats
  A fungus (Lair:6)
  2 plants (Shoals:3)
874 creatures vanquished.

Vanquished Creatures (others)
  4 fungi
  5 plants
9 creatures vanquished.

Grand Total: 883 creatures vanquished

Notes
Turn   | Place    | Note
-------+----------+-------------------------------------------
     0 | D:1      | nikopol the Deep Elf Fire Elementalist began the quest for
                  | the Orb.
     0 | D:1      | Reached XP level 1. HP: 10/10 MP: 6/6
   228 | D:1      | Reached XP level 2. HP: 11/15 MP: 4/8
   515 | D:1      | Reached XP level 3. HP: 19/19 MP: 7/9
  1386 | D:2      | Reached skill level 4 in Spellcasting
  1386 | D:2      | Reached XP level 4. HP: 19/24 MP: 9/12
  1537 | D:2      | Learned a level 2 spell: Throw Flame
  1541 | D:2      | Learned a level 3 spell: Conjure Flame
  1546 | D:2      | Learned a level 4 spell: Sticky Flame
  2030 | D:2      | Found a glowing golden altar of the Shining One.
  2901 | D:4      | Noticed Eustachio
  3000 | D:4      | Found an iron altar of Okawaru.
  3024 | D:4      | Reached skill level 5 in Fire Magic
  3024 | D:4      | Reached XP level 5. HP: 28/28 MP: 5/13
  3144 | D:4      | HP: 1/28 [something/puff of flame (10)]
  3601 | D:4      | Reached skill level 5 in Spellcasting
  3757 | D:4      | Reached XP level 6. HP: 20/32 MP: 11/16
  4001 | D:4      | Noticed Grinder
  4003 | D:4      | Paralysed by Grinder for 4 turns
  4011 | D:4      | Killed Grinder
  4011 | D:4      | Reached skill level 6 in Spellcasting
  4074 | D:4      | Learned a level 5 spell: Fireball
  4088 | D:4      | Found a shattered altar of Ashenzari.
  4089 | D:4      | Found a snail-covered altar of Cheibriados.
  4158 | D:4      | Found a stormy altar of Qazlal.
  4160 | D:4      | Found a shimmering altar of Xom.
  4191 | D:4      | Found Qedot's Jewellery Boutique.
  4340 | D:4      | Reached XP level 7. HP: 18/36 MP: 8/18
  4738 | D:4      | Killed Eustachio
  4738 | D:4      | Reached skill level 7 in Spellcasting
  4866 | D:5      | Entered Level 5 of the Dungeon
  4886 | D:5      | Got a creamy pearl robe
  4897 | D:5      | Identified the +3 robe "Bookk" {+Fly SInv} (You found it on
                  | level 5 of the Dungeon)
  4901 | D:5      | Found a deep blue altar of Sif Muna.
  5186 | D:5      | Found a glowing drain.
  5195 | Sewer    | Entered a sewer
  5649 | D:5      | Reached skill level 8 in Spellcasting
  5649 | D:5      | Reached XP level 8. HP: 42/42 MP: 16/22
  5749 | D:5      | Reached skill level 5 in Conjurations
  6324 | D:6      | Noticed Menkaure
  6329 | D:6      | Killed Menkaure
  6329 | D:6      | Reached skill level 9 in Spellcasting
  7090 | D:6      | Noticed Edmund
  7470 | D:7      | Found a sparkling altar of Nemelex Xobeh.
  7549 | D:7      | Reached XP level 9. HP: 41/46 MP: 11/24
  7657 | D:7      | Found a blossoming altar of Fedhas.
  7743 | D:7      | Reached skill level 10 in Spellcasting
  8059 | D:7      | Found a staircase to the Ecumenical Temple.
  8068 | Temple   | Entered the Ecumenical Temple
  8078 | Temple   | Became a worshipper of Vehumet
  8718 | D:8      | Reached skill level 1 in Fighting
  8763 | D:8      | Found Ywkup's Magic Scroll Boutique.
  8767 | D:8      | Bought a scroll of teleportation for 33 gold pieces
  9804 | D:9      | Found a sparkling altar of Nemelex Xobeh.
  9823 | D:9      | Found Taniatz's Magic Scroll Shoppe.
  9834 | D:9      | Bought a scroll of blinking for 97 gold pieces
  9834 | D:9      | Bought a scroll of blinking for 97 gold pieces
  9834 | D:9      | Bought a scroll of teleportation for 39 gold pieces
  9839 | D:9      | Reached skill level 11 in Spellcasting
 10062 | D:9      | Reached * piety under Vehumet
 10062 | D:9      | Offered knowledge of Sting by Vehumet.
 10110 | D:9      | Found a staircase to the Orcish Mines.
 10414 | D:9      | Reached XP level 10. HP: 52/52 MP: 22/27
 10688 | D:9      | Reached skill level 5 in Dodging
 11311 | D:10     | Entered Level 10 of the Dungeon
 11317 | D:10     | Offered knowledge of Freeze by Vehumet.
 11319 | D:10     | Reached ** piety under Vehumet
 11449 | D:10     | Found a transporter.
 11451 | D:10     | Noticed a cyclops
 11451 | D:10     | Noticed an orc sorcerer
 11452 | D:10     | Found a roughly hewn altar of Beogh.
 11452 | D:10     | Found a transporter.
 11452 | D:10     | Noticed a cyclops
 11483 | D:9      | Found a shattered altar of Ashenzari.
 11835 | D:10     | Reached skill level 12 in Spellcasting
 11970 | D:10     | Offered knowledge of Ignite Poison by Vehumet.
 12011 | D:10     | Reached skill level 10 in Fire Magic
 12243 | D:10     | Found the ring of Shadows {Umbra +Inv Stlth+}
 12361 | D:10     | Noticed a two-headed ogre
 12363 | D:10     | Reached *** piety under Vehumet
 12372 | D:10     | Killed a two-headed ogre
 12372 | D:10     | Reached skill level 5 in Stealth
 12372 | D:10     | Reached XP level 11. HP: 56/56 MP: 14/29
 12564 | D:11     | Reached skill level 13 in Spellcasting
 12810 | D:11     | Noticed an unseen horror
 12815 | D:11     | Killed an unseen horror
 12905 | D:11     | Offered knowledge of Dazzling Spray by Vehumet.
 12946 | D:11     | Noticed a white ugly thing
 12951 | D:11     | Killed a white ugly thing
 12951 | D:11     | Reached skill level 10 in Conjurations
 12957 | D:11     | Noticed an unseen horror
 12966 | D:11     | Noticed a two-headed ogre
 12968 | D:11     | Killed an unseen horror
 13160 | D:11     | Found a staircase to the Lair.
 13163 | D:11     | Killed a two-headed ogre
 13697 | Lair:1   | Entered Level 1 of the Lair of Beasts
 13775 | D:7      | Learned a level 3 spell: Dazzling Spray
 14316 | Lair:1   | Reached **** piety under Vehumet
 14316 | Lair:1   | Reached skill level 1 in Shields
 14752 | Lair:1   | Reached skill level 1 in Hexes
 14924 | Lair:2   | Reached skill level 14 in Spellcasting
 15289 | Lair:2   | Offered knowledge of Lee's Rapid Deconstruction by Vehumet.
 15351 | Lair:2   | Found a staircase to the Snake Pit.
 15352 | Lair:2   | Noticed an eight-headed hydra
 15368 | Lair:2   | Killed an eight-headed hydra
 15368 | Lair:2   | Reached XP level 12. HP: 62/62 MP: 26/32
 15470 | Lair:2   | Got a brightly glowing falchion
 15472 | Lair:2   | Identified the cursed +1 falchion of Haduar {elec, *Noise
                  | *Corrode MR+++ Int+9} (You found it on level 2 of the Lair
                  | of Beasts)
 17206 | Lair:4   | Found a staircase to the Shoals.
 17222 | Lair:4   | Reached skill level 1 in Long Blades
 17240 | Lair:4   | Noticed a five-headed hydra
 17241 | Lair:4   | Noticed a five-headed hydra
 17944 | Lair:4   | Reached skill level 15 in Spellcasting
 17976 | Lair:4   | Killed a five-headed hydra
 18452 | Lair:4   | Noticed an alligator
 18476 | Lair:4   | Killed an alligator
 18796 | Lair:5   | Noticed a seven-headed hydra
 18861 | Lair:5   | Reached ***** piety under Vehumet
 19180 | Lair:5   | Offered knowledge of Force Lance by Vehumet.
 19180 | Lair:5   | Reached XP level 13. HP: 66/66 MP: 27/34
 19181 | Lair:5   | Reached skill level 5 in Shields
 19533 | Lair:5   | Found a staircase to the Slime Pits.
 19534 | Lair:5   | Found a viscous altar of Jiyva.
 20017 | Lair:6   | Entered Level 6 of the Lair of Beasts
 20258 | Lair:6   | Reached skill level 16 in Spellcasting
 21715 | Lair:6   | Noticed a dire elephant
 21720 | Lair:6   | Killed a dire elephant
 22179 | Orc:1    | Entered Level 1 of the Orcish Mines
 22234 | Orc:1    | Found Lienar's Distillery.
 22390 | Orc:1    | Bought a potion of resistance for 150 gold pieces
 22390 | Orc:1    | Bought a potion of heal wounds for 75 gold pieces
 22681 | Orc:2    | Entered Level 2 of the Orcish Mines
 22688 | Orc:2    | Noticed an ettin
 22693 | Orc:2    | Killed an ettin
 22792 | Orc:2    | Found a roughly hewn altar of Beogh.
 22944 | Orc:1    | Offered knowledge of Spellforged Servitor by Vehumet.
 23116 | Orc:2    | Found a staircase to the Elven Halls.
 23219 | Orc:2    | Reached skill level 17 in Spellcasting
 23530 | Orc:1    | Found a bloodstained altar of Trog.
 23580 | Orc:2    | Reached XP level 14. HP: 72/72 MP: 37/37
 24500 | Orc:2    | Offered knowledge of Freezing Cloud by Vehumet.
 24789 | Orc:2    | Found Tiozxataq's Jewellery Shop.
 24792 | Orc:2    | Found Awue's Armour Boutique.
 24793 | Orc:2    | Found Caseweij's Food Shop.
 24794 | Orc:2    | Found Qoeg's Gadget Shop.
 24801 | Orc:2    | Bought the amulet "Fechoaroim" {RegenMP Int+9 Dex+3} for
                  | 808 gold pieces
 25369 | D:12     | Noticed a sphinx
 25380 | D:12     | Killed a sphinx
 25477 | D:12     | Noticed Frances
 25498 | D:12     | Killed Frances
 25498 | D:12     | Reached skill level 18 in Spellcasting
 25554 | D:12     | Noticed a frost giant
 25559 | D:12     | Killed a frost giant
 25850 | D:12     | Learned a level 6 spell: Freezing Cloud
 25962 | D:12     | Offered knowledge of Bolt of Cold by Vehumet.
 25971 | D:12     | Learned a level 6 spell: Bolt of Cold
 26071 | D:12     | Found the +8 glaive of the Guard {elec, +Rage AC+5 SInv}
 26314 | D:13     | Noticed Azrael
 27599 | D:13     | Killed Azrael
 27599 | D:13     | Reached skill level 1 in Ice Magic
 27668 | D:13     | Got a pair of ichor-stained boots
 27679 | D:13     | Identified the +2 pair of boots "Naloag" {MR+ Str+4 Int+2}
                  | (You found it on level 13 of the Dungeon)
 27691 | D:13     | Reached XP level 15. HP: 75/76 MP: 39/39
 27710 | D:13     | Reached skill level 15 in Fire Magic
 27812 | D:13     | You fall through a shaft!
 27845 | D:14     | Reached skill level 15 in Conjurations
 27858 | D:14     | Found a gate to the Vaults.
 28463 | D:14     | Found a portal to a secret trove of treasure.
 28758 | D:14     | Got a steaming quarterstaff
 28761 | D:14     | Identified the +6 quarterstaff of Tumult {crush, rC++} (You
                  | found it on level 14 of the Dungeon)
 29018 | D:15     | Entered Level 15 of the Dungeon
 29139 | D:15     | Reached skill level 19 in Spellcasting
 29697 | D:15     | Noticed a quicksilver dragon
 29697 | D:15     | a stone giant changed into a quicksilver dragon
 29698 | D:15     | Noticed a sphinx
 29698 | D:15     | a quicksilver dragon changed into a sphinx
 29699 | D:15     | Offered knowledge of Poison Arrow by Vehumet.
 29702 | D:15     | Noticed a quicksilver dragon
 29702 | D:15     | a sphinx changed into a quicksilver dragon
 29707 | D:15     | Killed a quicksilver dragon
 29802 | D:15     | Found a staircase to the Depths.
 30093 | Shoals:1 | Entered Level 1 of the Shoals
 30639 | Shoals:1 | Noticed Kirke
 30643 | Shoals:1 | Killed Kirke
 30753 | Shoals:1 | Found Jossik's Antique Weapon Emporium.
 31053 | Shoals:2 | Noticed Polyphemus
 31060 | Shoals:2 | Killed Polyphemus
 31082 | Shoals:1 | Reached XP level 16. HP: 24/81 MP: 24/41
 31527 | Shoals:2 | Reached skill level 20 in Spellcasting
 31568 | Shoals:2 | Found Beimen's General Store.
 31579 | Shoals:2 | Bought a scroll of blinking for 127 gold pieces
 31580 | Shoals:2 | Found Coisogei's Gadget Shoppe.
 31629 | Shoals:2 | Found Hevvasch's Antique Weapon Shop.
 31710 | Shoals:2 | Found Duaxteq's Gadget Boutique.
 31973 | Shoals:2 | Found Kezyl's Magic Scroll Shoppe.
 31981 | Shoals:2 | Bought a scroll of blinking for 150 gold pieces
 31981 | Shoals:2 | Bought a scroll of teleportation for 60 gold pieces
 31981 | Shoals:2 | Bought a scroll of teleportation for 60 gold pieces
 31981 | Shoals:2 | Bought a scroll of teleportation for 60 gold pieces
 32228 | Shoals:3 | Reached ****** piety under Vehumet
 33010 | Shoals:4 | Entered Level 4 of the Shoals
 33012 | Shoals:4 | Offered knowledge of Iron Shot by Vehumet.
 33130 | Shoals:3 | Learned a level 6 spell: Iron Shot
 33160 | Shoals:4 | Hit by a tomahawk of returning thrown by a merfolk

Levels and vault maps discovered:
D:1:      dpeg_arrival_concentric_ovals, layout_loops_corners, st_stairs_10
D:2:      layout_basic, tso_altar
D:3:      layout_loops_cross, grunt_decor_one_mirror, kennysheep_generic_room_8
D:4:      layout_loops_corners, nicolae_overflow_hidden_temple, serial_shops,
          kennysheep_mini_moat, okawaru_ov_weapons_minmay, uniq_grinder,
          uniq_eustachio
D:5:      layout_gridville, overflow_temple_1_default,
          cheibrodos_sewer_entry_bend, first_ration
D:6:      layout_basic, uniq_edmund, uniq_menkaure
D:7:      minmay_inner_zag, layout_basic, minmay_temple_entry_tees, basic_altar,
          fedhas_bush_and_centaur_altar
D:8:      layout_loops_ring, serial_shops, nicolae_shop_crystal,
          blue_anna_alchemist [blue_anna_fruit_fields, blue_anna_fruit_fields]
D:9:      lemuel_upstairs_altar, layout_rooms, nicolae_overflow_crystal_walls,
          orc_0_dummy, special_room [special_room_bee], serial_shops,
          nicolae_shop_waterfront, minmay_splitting_lines
D:10:     gammafunk_beogh_shrine, layout_loops_ring, minmay_joined_circles
D:11:     wander_river, layout_long_grid
D:12:     minmay_guarded_unrand_guard, layout_long_grid, uniq_frances
D:13:     layout_cave_pools, uniq_azrael
D:14:     layout_cave_pods, david_vaults_1, nicolae_trove_entry_crystal,
          minmay_misc_feat_ornament
D:15:     gammafunk_enter_depths_forms, layout_rooms, skrybe_limestone_x
Temple:   regret_index_temple_sphere_string
Lair:1:   layout_regular_city, serial_bayou_shore_a
Lair:2:   layout_cave_pods, minmay_snake_entry_guardpost_small, minivault_11
Lair:3:   layout_hall_layers
Lair:4:   onia_ninara_swampy_vault, layout_small_grid, shoals_dummy_entry
Lair:5:   layout_cave_shapes, slime_altar_1, lemuel_fruit_tree
Lair:6:   grunt_lair_end_beastmaster, layout_regular_city,
          grunt_forest_large_clearing_hut
Shoals:1: layout_shoals, serial_shops, shop, uniq_kirke
Shoals:2: layout_shoals, serial_shops, nicolae_shop_window_shopping,
          nicolae_shop_waterfront, shop_fountains, nicolae_shop_statue_plus,
          nicolae_shop_trees, uniq_polyphemus
Shoals:3: layout_shoals
Shoals:4: shoals_end_grunt_garden, layout_shoals
Orc:1:    layout_diamond_mine, serial_shops, shop_statue, trog_book
Orc:2:    st_orc_pillars, layout_diamond_mine, basic_altar

Skill      XL: |  1  2  3  4  5  6  7  8  9 10 11 12 13 14 15 16 |
---------------+-------------------------------------------------+-----
Fire Magic     | 4 5 6 8 9 10 11 12 13 14 16 | 16.6
Spellcasting   | 4 5 6 8 9 11 12 14 15 17 18 19 20 | 20.7
Conjurations   | 2 3 4 6 7 9 10 12 13 14 16 | 16.9
Stealth        | 3 4 5 |  5.5
Dodging        | 3 4 5 6 7 |  7.6
Fighting       | 1 2 |  2.4
Shields        | 2 4 5 |  5.9
Hexes          | 1 |  1.3
Long Blades    | 1 |  1.6
Ice Magic      | 1 |  1.7

Action                   |  1- 3 |  4- 6 |  7- 9 | 10-12 | 13-15 | 16-18 || total
-------------------------+-------+-------+-------+-------+-------+-------++-------
Melee: Dagger            |       |     1 |       |       |       |       ||     1
       Staff             |       |       |     8 |     1 |       |       ||     9
       Falchion          |       |       |       |       |     1 |       ||     1
 Cast: Flame Tongue      |    83 |    97 |   284 |   294 |   210 |       ||   968
       Sticky Flame      |       |     1 |    32 |    82 |    74 |       ||   189
       Throw Flame       |       |       |    26 |    17 |    16 |       ||    59
       Conjure Flame     |       |       |     9 |     8 |     1 |       ||    18
       Fireball          |       |       |       |    74 |   401 |   114 ||   589
       Dazzling Spray    |       |       |       |     2 |       |       ||     2
       Bolt of Cold      |       |       |       |       |    29 |       ||    29
       Freezing Cloud    |       |       |       |       |     2 |       ||     2
Evoke: Wand              |       |       |       |     2 |       |       ||     2
  Use: Scroll            |       |       |    18 |     3 |    12 |     1 ||    34
       Potion            |       |       |       |       |     2 |       ||     2
  Eat: Chunk             |     1 |     8 |    20 |    16 |    33 |     7 ||    85
       Ration            |       |       |       |     4 |     1 |       ||     5
Armor: Robe              |     4 |     4 |    43 |    31 |    49 |     2 ||   133
Dodge: Dodged            |    22 |    17 |   101 |   125 |   124 |    19 ||   408
Block: Buckler           |       |       |       |    19 |    59 |    14 ||    92
       Rpst.: Falchion   |       |       |       |    12 |    25 |       ||    37

Table legend:
 A = Non-vault XP
 B = Vault XP
 C = Vault XP percentage of total XP
 D = Non-vault monster count
 E = Vault monster count
 F = Vault count percentage of total count
                 A         B        C        D         E       F
            +---------+---------+-------+---------+---------+-------
      Total |  122402 |   65996 |  35.0 |     652 |     219 |  25.1
            +---------+---------+-------+---------+---------+-------
        D:1 |      59 |      10 |  14.5 |      26 |       4 |  13.3
        D:2 |      68 |       0 |   0.0 |      28 |       0 |   0.0
        D:3 |      41 |       2 |   4.7 |      10 |       1 |   9.1
        D:4 |     307 |     504 |  62.1 |      21 |       2 |   8.7
        D:5 |     765 |       5 |   0.6 |      18 |       1 |   5.3
        D:6 |     664 |     223 |  25.1 |      14 |       2 |  12.5
        D:7 |     443 |     190 |  30.0 |      17 |       3 |  15.0
        D:8 |    1159 |     100 |   7.9 |      28 |       1 |   3.4
        D:9 |     687 |    1738 |  71.7 |      24 |      24 |  50.0
       D:10 |    1681 |    2360 |  58.4 |      39 |      10 |  20.4
       D:11 |    4774 |       0 |   0.0 |      30 |       0 |   0.0
       D:12 |    7801 |   13359 |  63.1 |      43 |      20 |  31.7
       D:13 |    6492 |    1825 |  21.9 |      34 |       4 |  10.5
       D:14 |    7968 |    1776 |  18.2 |      27 |       3 |  10.0
       D:15 |   12914 |    6470 |  33.4 |      20 |      15 |  42.9
     Lair:1 |    2567 |       0 |   0.0 |      16 |       0 |   0.0
     Lair:2 |    4657 |     320 |   6.4 |      14 |       2 |  12.5
     Lair:3 |    3223 |       0 |   0.0 |      11 |       0 |   0.0
     Lair:4 |    3433 |    3789 |  52.5 |      18 |       9 |  33.3
     Lair:5 |    8894 |       0 |   0.0 |      34 |       0 |   0.0
     Lair:6 |    5829 |   10612 |  64.5 |      27 |      19 |  41.3
   Shoals:1 |   11519 |    4085 |  26.2 |      24 |       7 |  22.6
   Shoals:2 |   12607 |    5008 |  28.4 |      26 |       4 |  13.3
   Shoals:3 |   13938 |       0 |   0.0 |      28 |       0 |   0.0
   Shoals:4 |    4514 |    2133 |  32.1 |      10 |       4 |  28.6
      Orc:1 |    1606 |       0 |   0.0 |      22 |       0 |   0.0
      Orc:2 |    3792 |   11369 |  75.0 |      43 |      65 |  60.2
      Sewer |       0 |     118 | 100.0 |       0 |      19 | 100.0
            +---------+---------+-------+---------+---------+-------
